[Event "FRA-ch Teams Top 16-Bas 2022"]
[Site "Chartres"]
[Date "2022.06.18"]
[Round "10.3"]
[White "Malakhov, Vladimir"]
[Black "Crut, Aurelien"]
[Result "1/2-1/2"]
[ECO "A13"]
[WhiteElo "2652"]
[BlackElo "2355"]
[Annotator "TA"]
[PlyCount "221"]
[EventDate "2022.06.16"]
[EventType "team-tourn"]
[EventCountry "FRA"]
[SourceTitle "playchess.com"]
[Source "ChessBase"]
[SourceQuality "1"]
[TimeControl "40/5400+30:1800+30"]

1. c4 e6 2. Nf3 d5 3. g3 dxc4 4. Qa4+ Nd7 5. Qxc4 a6 6. Qc2 b5 7. Nd4 Bb7 8. Nc6 Qg5 9. Bg2 Qc5 10. Qxc5 Bxc5 11. O-O Ne7 12. Nxe7 Bxg2 13. Kxg2 Kxe7 14. d3 Bd4 15. Nd2 c5 16. Rb1 Rhc8 17. b3 Nb6 18. Bb2 Nd5 19. Rfc1 Bxb2 (19... f6 {with more complications.} 20. a3 e5 21. Ne4 f5) 20. Rxb2 Rc7 21. a3 Rac8 22. Rbc2 f5 23. h4 Kd6 24. e4 Nb6 25. Kf3 g6 26. Ke3 Nd7 27. f4 Nb6 (27... Ke7 $11 {deserves consideration.}) 28. Nf3 (28. a4 $5) 28... c4 29. bxc4 $1 bxc4 30. Rb1 Nd7 {[%emt 0:00:45] [#]} 31. dxc4 (31. Rxc4 $1 $16 Rxc4 32. dxc4) 31... fxe4 (31... Ke7 $1 $11) 32. Nd2 $14 (32. Kxe4 Rxc4+ 33. Rxc4 Rxc4+ 34. Kd3 Ra4 $15) 32... Nc5 33. Rbc1 ({But not} 33. Nxe4+ Nxe4 34. Rd1+ (34. Kxe4 Rxc4+ 35. Rxc4 Rxc4+ 36. Kd3 Ra4 $11) 34... Ke7 35. Kxe4 Rxc4+ 36. Rxc4 Rxc4+ 37. Rd4 Rc3 $11) ({White should try} 33. Rb4 $16) 33... e5 $11 34. Nxe4+ Nxe4 35. Kxe4 exf4 36. Kxf4 (36. c5+ $5 Kc6 37. Kxf4 $14 (37. gxf4 Re7+ 38. Kf3 Rd8 $11)) 36... Rf8+ 37. Kg4 Rf5 38. Rd2+ Ke6 39. Rc3 h5+ 40. Kh3 Rfc5 41. Rd4 Rf5 42. Re3+ Re5 43. Rxe5+ Kxe5 44. Rd5+ Ke4 45. Rd6 Kf5 46. Rd4 ({Better is} 46. Rxa6 $16 {Strongly threatening Ra5+.} Rxc4 47. Ra5+ Ke4 48. Rg5) 46... Ke5 $11 47. Rd5+ Ke4 $1 48. Rg5 Rc6 49. a4 Kd4 50. g4 hxg4+ 51. Rxg4+ Kc3 52. Kg3 Kb4 53. c5+ Kxc5 54. Kf4 Kd5 55. Kg5 Ke5 $2 {[%emt 0:01:57][%mdl 8192] [#]} (55... a5 $11) 56. a5 $1 $18 Rd6 57. Kh6 g5+ 58. Kxg5 Ke6 59. Re4+ (59. Rf4 $142 Rd5+ 60. Kg6 Rxa5 61. h5) 59... Kf7 $18 60. Rf4+ Kg7 61. h5 $2 (61. Rf5 $18 {And now h5 would win.} Rg6+ 62. Kf4) 61... Rc6 $2 (61... Rd5+ $1 $11 62. Rf5 Rd6) 62. Rf5 $18 Rd6 63. Rc5 Kh7 64. Kf5 Rh6 (64... Kg8 $142 65. Rc7 Rd5+ 66. Kg6 Rd6+ 67. Kg5 Rd5+ 68. Kg6 Rd6+ 69. Kf5 Rd5+ 70. Kf6 Rd6+ 71. Ke5 Rh6) 65. Ke4 (65. Rc7+ $142 Kg8 66. Rb7) 65... Kg7 $18 66. Rg5+ Kf7 67. Kd5 Ke7 68. Re5+ Kd7 $2 (68... Kf7 69. Kd4 Kf6) 69. Ke4 (69. Rf5 $142 Ke7 70. Ke5) 69... Rf6 70. Rg5 (70. Rf5 $142 Rh6 71. Kf4) 70... Re6+ (70... Rh6 $18 71. Re5 Rh8) 71. Kf4 Rc6 72. Rg7+ Ke8 73. Rg6 (73. Kg5 $142 Kf8 74. h6) 73... Rc5 (73... Rc4+ $18 74. Kf5 Kf7 75. Rxa6 Rc5+ 76. Kg4 Kg7 77. Rg6+ Kf7) 74. h6 Kf7 75. Rxa6 Kg8 76. Ra7 $2 (76. Rg6+ Kh7 77. Ra6) 76... Kh8 $18 77. Ke4 Rb5 78. Kd4 Rf5 79. Kc4 Rf4+ 80. Kc5 Rf5+ 81. Kd6 Rb5 82. Ra6 Rf5 83. Ra7 Rb5 84. Ke6 Rg5 85. Kf7 Rc5 86. Kf6 Rd5 87. Ra6 Kh7 88. Ra8 Rc5 89. Ke6 Rb5 90. Ra7+ Kh8 91. Ke7 Re5+ 92. Kd6 $2 (92. Kd7 $18 {a6 would kill now.} Rd5+ 93. Kc7) 92... Rf5 $2 (92... Rb5 $1 $11 93. Kc6 Rf5 94. Kd6) 93. Kc6 $18 Rf6+ 94. Kc5 Rf5+ 95. Kd6 Rb5 $1 96. Ra6 $2 (96. Kc6 $18 Rf5 97. a6 Rf6+ 98. Kb5 Rf5+ 99. Kb6 Rf6+ 100. Kc5) 96... Kh7 $2 (96... Rf5 $11 {and Black is okay.}) 97. Ra8 $18 Rf5 98. Ra7+ Kh8 $1 99. Ke6 $2 (99. a6 $18 {White wants to mate with Re7.} Rf6+ 100. Kc7) 99... Rc5 $2 (99... Rb5 $11 {and Black stays safe.} 100. Kd6 Rf5) 100. Kf6 $2 (100. Ra6 $18) 100... Rc6+ $2 (100... Rd5 $1 $11 101. Ke7 Re5+ 102. Kd6 Rf5) 101. Ke7 Rc5 102. Kd7 Rb5 103. a6 Rb6 104. Ra8+ Kh7 105. Kc7 Rf6 106. Ra7 Kh8 107. Ra8+ Kh7 108. a7 $2 (108. Kb7 $18 {Intending Rc8 and mate.} Rf7+ 109. Kc6 Rf6+ 110. Kc7) 108... Rf7+ $1 $11 109. Kc6 Rf6+ 110. Kd7 Ra6 111. Kc7 1/2-1/2

[Event "FRA-ch Teams Top 16-Bas 2022"]
[Site "Chartres"]
[Date "2022.06.18"]
[Round "10.4"]
[White "Buscara, Sevan"]
[Black "Flom, Gabriel"]
[Result "1-0"]
[ECO "A48"]
[WhiteElo "2385"]
[BlackElo "2442"]
[Annotator "TA"]
[PlyCount "157"]
[EventDate "2022.06.16"]
[EventType "team-tourn"]
[EventCountry "FRA"]
[SourceTitle "playchess.com"]
[Source "ChessBase"]
[SourceQuality "1"]
[TimeControl "40/5400+30:1800+30"]

1. d4 Nf6 2. Nf3 g6 3. Bf4 Bg7 4. e3 O-O 5. Be2 c5 6. c3 Qb6 7. Qb3 {[%emt 0:02:33] A48: 1 d4 Nf6 2 Nf3 g6: Torre, London and Colle Systems.} d6 8. Nbd2 Be6 9. Bc4 {[%emt 0:01:32] The position is equal.} Bxc4 10. Nxc4 Qa6 {[%emt 0:07:29] [#]} 11. dxc5 $146 (11. O-O $11) ({Predecessor:} 11. O-O cxd4 12. cxd4 Nc6 13. h3 b5 14. Ncd2 Qb6 15. Rfc1 Na5 16. Qd3 Rac8 17. Bg5 {½-½ (29) Hoang,T (2448)-Lagno,K (2556) Khanty-Mansiysk 2018}) 11... dxc5 $2 (11... Nbd7 $17 12. a4 (12. cxd6 $2 Nc5 $19) 12... d5) 12. O-O (12. a4 $1 $14) 12... Nc6 (12... b5 $11 13. Na3 b4 14. cxb4 cxb4) 13. a4 $1 $14 Nh5 14. Qb5 Nxf4 15. exf4 Rfc8 16. Rfd1 ({Avoid the trap} 16. Qxc5 $2 Nd4 $1 17. Qxe7 Nxf3+ 18. gxf3 Rxc4 $19) 16... Qxb5 (16... Rd8 $142) 17. axb5 $16 Nd8 18. Rd7 Bf6 (18... Kf8 $16 {was called for.}) 19. g4 $18 Kf8 20. g5 ({Better is} 20. f5 $1 $18) 20... Bg7 21. Re1 {[%emt 0:00:27] 0x0.0022293ea578dp-1022s more active pieces.} (21. Nh4 $142 $1) 21... Ne6 $16 22. Na5 ({White should play} 22. f5 $16 gxf5 23. Nh4 (23. Rxb7 Rc7 $11)) 22... b6 23. Nc6 a6 $1 24. Nxe7 {[%emt 0:02:22] Pair of Knights!} Rc7 (24... Rd8 $11 25. Rb7 Rab8 26. Rxb8 Rxb8) 25. Rxc7 Nxc7 26. bxa6 {[%emt 0:04:47] Threatens to win with f5.} Rxa6 (26... Ne6 $14) 27. f5 gxf5 28. Nxf5 {[%emt 0:00:32] Re7 is the strong threat.} Ne6 29. Rd1 Ra4 30. Rd6 Rf4 31. Nxg7 Kxg7 {[%emt 0:00:06][%mdl 4096] Endgame KRN-KRN} 32. Kg2 b5 33. Rb6 (33. Kg3 $1 $16 {[%cal Od6e6] aiming for Rxe6!} Re4 34. h4) 33... b4 34. cxb4 cxb4 35. Kg3 {[%emt 0:01:00][%cal Ob6e6] Black must now prevent Rxe6!} Re4 36. Nh4 h5 (36... Nd4 $142) 37. f3 (37. gxh6+ $1 $16 Kxh6 38. f3) 37... Re5 $14 38. Rxb4 Rxg5+ 39. Kf2 Rc5 40. Kg3 Rg5+ 41. Kf2 Rc5 42. Ng2 Rc2+ 43. Kg3 Re2 44. h4 Kf6 (44... Rd2 $14) 45. Nf4 $16 Nxf4 46. Kxf4 {[%emt 0:00:00] KR-KR} (46. Rxf4+ $16 Kg6 47. b4) 46... Kg6 (46... Rd2 $14 {might be stronger.}) 47. Rb5 (47. b3 $1 $16) 47... f6 $14 48. b4 Rh2 49. Kg3 Rb2 50. Rb8 Kf5 51. Rb5+ Kg6 $1 52. f4 Rb3+ 53. Kg2 Kf7 54. Kf2 Ke6 55. Ke2 f5 56. Re5+ Kf6 57. b5 Rb4 (57... Rh3 $1 $11 {remains equal.}) 58. Ke3 $1 $16 {[%emt 0:00:00] Black is on the road to losing.} Rc4 59. Re8 {[%emt 0:00:00] And now b6 would win.} Rb4 60. Rb8 $1 {[%emt 0:00:00] Hoping for b6.} Ke7 {[%emt 0:00:00] [#]} 61. b6 $1 {[%emt 0:00:00] Threatening mate with b7.} Kd7 {[%emt 0:00:00] [#]} 62. b7 $1 {[%emt 0:00:03] Rf8 would kill now.} Kc7 $2 (62... Kc6 63. Rf8 Rxb7) 63. Rf8 $18 Kxb7 64. Rxf5 Kc6 65. Rxh5 Kd6 66. Re5 Rb1 67. h5 Re1+ 68. Kd4 Rh1 69. Kd3 {[%emt 0:01:13] White mates.} Ra1 70. Ke4 Rh1 71. Kf3 Rg1 72. Re2 Kd7 73. Rh2 Ke6 74. h6 Rg8 75. h7 Rh8 76. Kg4 Kf6 77. Rh6+ Kg7 78. Kg5 Kf7 79. Ra6 {[%emt 0:00:48] Weighted Error Value: White=0.19 (very precise) /Black=0.23 (precise)} 1-0

[Event "FRA-ch Teams Top 16-Bas 2022"]
[Site "Chartres"]
[Date "2022.06.18"]
[Round "10.5"]
[White "Shirazi, Kamran"]
[Black "Rouler, Charly"]
[Result "1-0"]
[ECO "D01"]
[WhiteElo "2313"]
[BlackElo "2345"]
[Annotator "TA"]
[PlyCount "47"]
[EventDate "2022.06.16"]
[EventType "team-tourn"]
[EventCountry "FRA"]
[SourceTitle "playchess.com"]
[Source "ChessBase"]
[SourceQuality "1"]
[TimeControl "40/5400+30:1800+30"]

1. d4 Nf6 2. Nc3 d5 3. Bg5 Nbd7 4. a3 e6 5. e4 dxe4 6. Nxe4 {[%emt 0:00:08] D01: Veresov Opening.} Be7 7. Nxf6+ Bxf6 8. Bxf6 {[%emt 0:02:02] The position is equal.} Qxf6 9. Nf3 c5 10. Qd2 {[%emt 0:01:10] [#]} cxd4 $146 ({Predecessor:} 10... O-O 11. O-O-O cxd4 12. Qxd4 Qxd4 13. Rxd4 Nc5 14. Bc4 b6 15. b4 Na4 16. Bb3 Nc3 {½-½ (53) Schinzel,W (2370)-Pinkas,K (2330) Bydgoszcz 1976}) 11. Nxd4 O-O 12. O-O-O a6 13. g3 Nc5 {[%emt 0:11:45] Strongly threatening ...Ne4.} 14. Bg2 {[%emt 0:33:34] Prevents Ne4.} e5 15. Qb4 Qe7 (15... Bg4 $11 16. f3 exd4 17. fxg4 d3) 16. Nb3 Nxb3+ 17. Qxb3 Rb8 18. Rhe1 Bg4 19. Rd5 Qg5+ 20. f4 $1 Qh6 {[%emt 0:00:53] White must now prevent ...Be6.} 21. Rdxe5 Qxh2 {[%emt 0:02:30] [#]} (21... Qf6 $16 {keeps fighting.} 22. Bd5 (22. Bxb7 Bc8 $16) 22... b5) 22. Be4 (22. Bd5 $1 $18 {and White stays clearly on top.}) 22... Qf2 $16 {[%emt 0:01:38][%cal Rf2e1] [#]} 23. Bd5 $1 {[%emt 0:05:20][%cal Od5f7] Active counter play!} ({Of course not} 23. Qe3 Qxe3+ 24. Rxe3 Rfd8 $11) 23... g6 $2 (23... h6 $16) 24. Re7 {[%emt 0:01:55] Weighted Error Value: White=0.11 (very precise) /Black=0.42} 1-0

[Event "FRA-ch Teams Top 16-Bas 2022"]
[Site "Chartres"]
[Date "2022.06.18"]
[Round "10.6"]
[White "Brailly-Vignal, Bastien"]
[Black "Mekhane, Adam"]
[Result "0-1"]
[ECO "E32"]
[WhiteElo "2372"]
[BlackElo "2276"]
[Annotator "TA"]
[PlyCount "80"]
[EventDate "2022.06.16"]
[EventType "team-tourn"]
[EventCountry "FRA"]
[SourceTitle "playchess.com"]
[Source "ChessBase"]
[SourceQuality "1"]
[TimeControl "40/5400+30:1800+30"]

1. d4 Nf6 2. c4 e6 3. Nc3 Bb4 4. Qc2 b6 5. a3 Bxc3+ 6. Qxc3 Bb7 7. Bg5 h6 8. Bh4 g5 $1 {[%emt 0:06:35] 8...g5 scores better than 8...d6. E32: Nimzo-Indian: Classical (4 Qc2): 4...0-0.} 9. Bg3 Ne4 10. Qc2 d6 {[%emt 0:03:07] The position is equal. 10...c5 is not played anymore.} 11. e3 Nd7 12. Ne2 f5 13. f3 Nxg3 14. hxg3 Qf6 15. Qa4 {[%emt 0:03:45] [#]} h5 $146 ({Predecessor:} 15... a6 16. O-O-O O-O-O 17. Nc3 e5 18. Nd5 Qf7 19. Nb4 Nb8 20. Bd3 f4 21. dxe5 dxe5 {0-1 (60) Bellaiche,A (2485)-Bologan,V (2600) Moscow 2018}) 16. O-O-O a5 17. Nc3 Ke7 18. Kb1 h4 19. gxh4 Rxh4 20. Rxh4 gxh4 21. e4 (21. d5 $11) 21... fxe4 $17 22. fxe4 Qg6 ({Better is} 22... Qf2 $1 $17) 23. Ka1 $11 Rf8 24. c5 bxc5 25. Qxa5 (25. d5 $1 $11 Nb6 26. Qxa5) 25... cxd4 $17 (25... Bxe4 $2 26. dxc5 d5 27. Bb5 $18 (27. Qxc7 Qg3 $18) (27. Nxe4 Qxe4 28. Qxc7 Qe5 $16)) 26. Nb5 (26. Qxc7 $17 {was the only chance.} Rxf1 27. Rxf1 dxc3 28. Qxb7 Qxg2 29. Rc1) 26... Qxe4 $19 27. Nxd4 (27. Qxc7 $142 Qc6 28. Qxc6 Bxc6 29. Nxd4) 27... Bd5 (27... Rxf1 28. Rxf1 Qxd4 29. Qg5+ Nf6 30. Qg7+ Ke8 31. Qh8+ (31. Rxf6 Qd1+ 32. Ka2 Bd5+ 33. b3 Qxb3+ 34. Ka1 Qa2#) 31... Ke7 32. Qg7+ Ke8 33. Qh8+ (33. Rxf6 Qd1+ 34. Ka2 Bd5+ 35. b3 Qxb3+ 36. Ka1 Qa2#) 33... Ke7 34. Qg7+ $11) (27... c5 $19 {and Black stays clearly on top.} 28. Nf3 Bd5) 28. Be2 $17 Qxg2 (28... c5 $1 $17 29. Bf3 Rxf3 30. gxf3 Qf4) 29. Qxc7 $11 {[%emt 0:00:27] Threatens to win with Bb5.} Rb8 {[%emt 0:00:41] [#]} (29... Ra8 $11) 30. Qc1 $2 {[%emt 0:04:09] [#]} ({Avoid the trap} 30. Rf1 $2 h3 31. Re1 (31. a4 $2 h2 $19) 31... Qf2 $19) (30. Nc6+ $1 $18 Bxc6 31. Qxd6+ Kf7 32. Rf1+ Kg7 33. Qxe6) 30... Rg8 ({Much weaker is} 30... Nc5 $6 31. Qh6 Rg8 32. Qxh4+ Qg5 33. Qh2 $11) ({Black should play} 30... h3 $1 $17 {[%cal Rh3h2] White must now prevent ...h2.} 31. Bf1 Qg3) 31. Bf1 {[%emt 0:02:20] [#]} (31. Qh6 $1 $11 {remains equal.}) 31... Qf2 $1 $36 {[%emt 0:00:51][%mdl 2048] ...Rg1 is the strong threat. White is under strong pressure. Black is more active.} 32. Qh6 $2 (32. Bc4 {was called for.} Rc8 33. Qg5+ Qf6 34. Qxf6+ Nxf6 35. Bxd5 Nxd5 36. Re1) 32... Qf6 33. Qd2 Rg3 34. Re1 $2 (34. Qc2 Rg1 35. Nc6+ Bxc6 36. Qxc6) 34... Rg1 35. Qd3 Nc5 36. Nf5+ Kd8 37. Qe3 Nb3+ 38. Ka2 Nd4+ 39. b3 Bxb3+ 40. Kb2 Nxf5+ {[%emt 0:00:24] Weighted Error Value: White=1.01/Black=0.47} 0-1

[Event "FRA-ch Teams Top 16-Bas 2022"]
[Site "Chartres"]
[Date "2022.06.18"]
[Round "10.7"]
[White "Kuhn, Clement"]
[Black "Jrade, Willis"]
[Result "0-1"]
[ECO "D91"]
[WhiteElo "2280"]
[BlackElo "2129"]
[Annotator "TA"]
[PlyCount "124"]
[EventDate "2022.06.16"]
[EventType "team-tourn"]
[EventCountry "FRA"]
[SourceTitle "playchess.com"]
[Source "ChessBase"]
[SourceQuality "1"]
[TimeControl "40/5400+30:1800+30"]

1. d4 Nf6 2. c4 g6 3. Nc3 d5 4. Nf3 Bg7 5. Bg5 Ne4 6. Bf4 ({Avoid the trap} 6. Nxd5 $2 Nxg5 7. Nxg5 e6 8. Nxc7+ (8. Qa4+ $2 c6 $19) 8... Qxc7 $19) 6... O-O {[%emt 0:03:30] D91: Grünfeld: 4 Nf3 Bg7 5 Bg5.} 7. cxd5 Nxc3 8. bxc3 Qxd5 {[%emt 0:00:12] The position is equal.} 9. e3 Qa5 10. Qb3 {[%emt 0:13:31] [#]} Be6 $146 ({Predecessor:} 10... c5 11. Bc4 cxd4 12. exd4 Nc6 13. O-O Qf5 14. Bc7 Qd7 15. Be5 Na5 16. Qb4 Nxc4 17. Bxg7 Kxg7 18. Qxc4 {1-0 (70) Cori Tello,D (2431)-Mekhitarian,K (2572) Montevideo 2015}) 11. Bc4 Bxc4 12. Qxc4 c5 13. O-O $1 Nc6 14. d5 Nb8 15. Rab1 b6 16. d6 e6 (16... Nc6 $2 17. Qe4 $18) 17. Ne5 (17. Be5 $5 ) 17... Bxe5 18. Bxe5 Nd7 19. Bg3 a6 20. Bh4 b5 21. Qe4 Ra7 {[%emt 0:01:02] Prevents Qb7.} 22. Be7 Rc8 23. Qc2 Ne5 (23... Rb7 $11) 24. Rbd1 Rd7 (24... c4 $11 {remains equal.}) 25. Qe4 Nc4 (25... Qxc3 $2 26. Bf6 c4 27. Bxe5 $18) 26. Qf4 $1 {[%emt 0:01:35] Bf6 is the strong threat.} f5 (26... Qxc3 $2 27. Bf6 Qb2 28. a4 $18) 27. h4 ({Better is} 27. e4 $14) 27... Qxc3 $11 28. h5 Qg7 (28... Qe5 $5 29. Qh4 Qg7 $11) 29. e4 Qe5 30. Qh6 Qg7 31. Qg5 (31. Qf4 $1 $11) 31... gxh5 32. Qxh5 Qg6 33. Qh4 fxe4 {[%emt 0:00:47] Strongly threatening ...Ne5.} 34. Rfe1 e3 35. fxe3 h5 $2 {[%emt 0:03:10][%mdl 8192] [#]} (35... h6 $11) 36. e4 $1 $18 {[%emt 0:00:18] aiming for Rd3.} Kh7 37. Rd3 {[%emt 0:01:16] And now Rg3 would win.} Rg8 38. Re2 (38. Qh2 $18) 38... Qg4 $1 $40 {[%emt 0:01:35][%mdl 128] Black has some attack.} 39. Qxg4 hxg4 40. Rd1 Ne5 {[%emt 0:00:46] White must now prevent ...g3.} 41. Kh2 (41. Bf6 $11 {and White is okay.} Nc6 42. e5) 41... g3+ $19 42. Kg1 Nc6 43. Bf6 e5 44. Re3 Rg6 45. Rf3 Nd4 (45... c4 $142 {Threatens to win with ...b4.} 46. Rd5 b4) 46. Bxe5 Nxf3+ 47. gxf3 {[%emt 0:00:00][%mdl 4096] Endgame [#] KRR-KRB} g2 $1 48. Bh2 $2 {[%emt 0:00:53] Now White is beyond hope.} (48. Rd5 $17) 48... Kg7 49. f4 $2 (49. Rd5 $19 c4 50. Rc5) 49... Rgxd6 {[%emt 0:00:17] Black mates.} 50. Rxd6 Rxd6 {[%emt 0:00:01] KR-KB} 51. f5 Rd2 52. e5 c4 53. e6 Kf6 54. Be5+ Ke7 ({Not} 54... Kxe5 55. e7 Rxa2 56. e8=Q+ Kxf5 57. Qe3 $16) 55. Bc3 Re2 56. a3 Rc2 57. Bd4 a5 58. Be3 Kf6 59. Kh2 Re2 60. Bb6 Kxf5 61. Bxa5 Kxe6 62. Kh3 Ke5 {Weighted Error Value: White=0.43/Black=0.22 (precise)} 0-1

[Event "FRA-ch Teams Top 16-Bas 2022"]
[Site "Chartres"]
[Date "2022.06.18"]
[Round "10.8"]
[White "Djidjeli, Sarah"]
[Black "Hernandez, Lara"]
[Result "1-0"]
[ECO "C84"]
[WhiteElo "2040"]
[BlackElo "1965"]
[Annotator "NA RC"]
[PlyCount "61"]
[EventDate "2022.06.16"]
[EventType "team-tourn"]
[EventCountry "FRA"]
[SourceTitle "playchess.com"]
[Source "ChessBase"]
[SourceQuality "1"]
[TimeControl "40/5400+30:1800+30"]

1. e4 e5 2. Nf3 Nc6 3. Bb5 a6 4. Ba4 Nf6 5. O-O Be7 6. d3 b5 7. Bb3 d6 8. a4 b4 9. c3 O-O 10. Bg5 Rb8 11. Nbd2 Be6 12. Bc4 Qc8 13. Qe2 Na5 14. Bxe6 Qxe6 15. d4 bxc3 16. bxc3 Rb6 17. d5 Qc8 18. Nh4 Nxd5 19. Bxe7 Nxe7 20. c4 c5 21. Ra3 Nac6 22. Rh3 Ng6 23. Nxg6 fxg6 24. Nf3 Nd4 25. Nxd4 cxd4 26. Qa2 Qe6 27. Rc1 Rfb8 28. Rf3 Rb2 29. Qa1 Qxc4 30. Rxc4 Rb1+ 31. Rc1 1-0

[Event "FRA-ch Teams Top 16-Bas 2022"]
[Site "Chartres"]
[Date "2022.06.18"]
[Round "10.9"]
[White "Sochacki, Christophe"]
[Black "Kulaots, Kaido"]
[Result "0-1"]
[ECO "E11"]
[WhiteElo "2493"]
[BlackElo "2537"]
[Annotator "TA"]
[PlyCount "62"]
[EventDate "2022.06.16"]
[EventType "team-tourn"]
[EventCountry "FRA"]
[SourceTitle "playchess.com"]
[Source "ChessBase"]
[SourceQuality "1"]
[TimeControl "40/5400+30:1800+30"]

1. d4 Nf6 2. c4 e6 3. Nf3 d5 4. g3 Bb4+ 5. Bd2 Be7 6. Bg2 O-O 7. O-O c6 8. b3 b6 {[%emt 0:02:42] E11: Bogo-Indian.} 9. Bf4 Nbd7 {[%emt 0:02:15] [#]} 10. Nbd2 $146 ({Predecessor:} 10. Nc3 a5 11. Ne5 Bb7 12. e4 Bb4 13. exd5 cxd5 14. Nb5 Nxe5 15. dxe5 Ne4 16. Qe2 {1-0 (30) Kourkoulos Arditis,S (2500)-Bonte,A (2333) Mamaia 2021}) 10... Bb7 {[%emt 0:01:37] The position is equal.} 11. h4 h6 12. e3 a5 13. Qe2 a4 14. Rfd1 Ra7 15. Ne5 Qa8 16. Rac1 axb3 17. axb3 (17. Nxd7 {with more complications.} Nxd7 18. axb3 Ra2 19. cxd5 cxd5 20. Rc7) 17... Nxe5 18. dxe5 Nh7 19. cxd5 cxd5 20. e4 Ra2 {[%emt 0:02:51] [#]} (20... dxe4 $14 21. Bxe4 Bxe4 22. Nxe4 (22. Qxe4 Rd8 $14) 22... Rb8) 21. Be3 (21. Qg4 $1 $16 {Bxh6 is the strong threat.} Kh8 22. exd5 Bxd5 23. Bxd5 Qxd5 24. Nc4) 21... dxe4 (21... Bc5 $11) 22. Qg4 $14 {[%emt 0:06:04] Hoping for Bxh6.} (22. Bxb6 Bd5 $11) 22... Kh8 23. Nc4 (23. Nxe4 h5 24. Qf4 f5 25. exf6 Nxf6 $11) (23. Bxb6 e3 24. Bxb7 exf2+ 25. Bxf2 Qxb7 $11) (23. Rc7 $14 {was preferrable.} Bd5 24. Rxe7) 23... Bc5 $1 $11 24. Bxc5 (24. Nxb6 Bxb6 25. Bxb6 e3 26. Bxb7 exf2+ 27. Bxf2 Qxb7 $11) 24... bxc5 25. Rd7 Bd5 26. Nd6 {[%emt 0:03:54] Prevents Qe8.} Ra1 (26... e3 $5 27. Rxf7 (27. Nxf7+ $2 Rxf7 28. Rxf7 exf2+ 29. Rxf2 Rxf2 $19) 27... g5 28. Bxd5 Qxd5 $15) 27. Rxa1 Qxa1+ 28. Kh2 $132 {[%emt 0:00:02][%mdl 2048] [#] aiming for Qh5. White puts up resistance} Kg8 29. Bxe4 (29. Qh5 $5 g6 30. Qxh6 Qxe5 31. Nxf7 Rxf7 32. Rxf7 (32. Qxg6+ $2 Qg7 $19) 32... Kxf7 33. Qxh7+ Qg7 34. Qxg7+ Kxg7 35. Kg1 $11) 29... Qxe5 {[%emt 0:02:22] Threatens to win with ...Nf6.} (29... Qd4 $5 30. Kh3 Bxe4 31. Qxe4 Qxf2 $17) 30. Qe2 $2 (30. Nxf7 $11 Qf6 31. Qg6 (31. Bxd5 $2 exd5 32. Nxh6+ Qxh6 $19) (31. Nd6 {leads to mate.} Qxf2+ 32. Kh3 Qf1+ 33. Kh2 Rf2+) 31... Qxg6 32. Bxg6) 30... Nf6 $19 31. f4 Qd4 {[%emt 0:00:21] Weighted Error Value: White=0.40/Black=0.15 (very precise)} 0-1

[Event "FRA-ch Teams Top 16-Bas 2022"]
[Site "Chartres"]
[Date "2022.06.18"]
[Round "10.10"]
[White "Dionisi, Thomas"]
[Black "Dourerassou, Jonathan"]
[Result "0-1"]
[ECO "B62"]
[WhiteElo "2408"]
[BlackElo "2446"]
[Annotator "TA"]
[PlyCount "106"]
[EventDate "2022.06.16"]
[EventType "team-tourn"]
[EventCountry "FRA"]
[SourceTitle "playchess.com"]
[Source "ChessBase"]
[SourceQuality "1"]
[TimeControl "40/5400+30:1800+30"]

1. e4 c5 2. Nf3 d6 3. d4 cxd4 4. Nxd4 Nf6 5. Nc3 Nc6 6. Bg5 e6 7. Bb5 Bd7 8. Qd3 {[%emt 0:00:25] is currently scoring better than 8.Bxc6. B62: Sicilian: Richter-Rauzer: 6...e6: Unusual White 7th moves.} a6 9. Bxc6 bxc6 10. O-O-O {[%emt 0:01:06] White is slightly better.} h6 11. Bh4 Be7 12. Nb3 a5 {[%emt 0:03:52] [#]} 13. a4 $146 ({Predecessor:} 13. f4 a4 14. Nd4 a3 15. b3 d5 16. e5 Nh7 17. Bxe7 Qxe7 18. Kb1 O-O 19. Nf3 {0-1 (37) Ibadov,D (2282)-Savitskiy,S (2427) Moscow 2021}) 13... e5 14. Bxf6 gxf6 15. Nd2 Qc7 16. Nc4 Rd8 (16... Rg8 $16) 17. Nxd6+ $18 Kf8 {[%emt 0:00:24] [#]} 18. Qf3 $1 Be6 (18... Bxd6 $2 19. Qxf6 Bg4 20. Qxh8+ $18) 19. Nf5 {[%emt 0:00:38] Pair of Knights!} Rb8 20. Qg3 (20. b3 $16) 20... Bxf5 ({Black should try} 20... Rg8 $1 $14 21. Qe3 Qb7 22. Nxe7 (22. Qxh6+ Ke8 $11) 22... Qxb2+ 23. Kd2 Rd8+ 24. Ke1 Rxd1+ 25. Nxd1 (25. Kxd1 Kxe7 26. Qc5+ Ke8 $15) 25... Qb4+ 26. c3 Qxe7) 21. exf5 $16 Qb6 (21... Rb4 $16) 22. b3 $18 ({Stronger than} 22. Rd7 Qxb2+ 23. Kd2 Bb4 $19) 22... Qb4 23. Rd7 Rg8 24. Qf3 Rg4 25. Qxc6 Qa3+ (25... Rd4 {might work better.} 26. Rd1 Rxd1+ 27. Kxd1 Kg7) 26. Kb1 $4 {[%emt 0:13:34][%mdl 8192] [#]} (26. Kd2 $1 $18 {is the narrow road to win.}) 26... Rxb3+ $1 $19 {[%emt 0:01:18][%mdl 576] Demolition} 27. cxb3 Qxb3+ 28. Ka1 Rc4 $1 {[%emt 0:00:13] Chess con chili.} 29. Qa8+ $2 (29. Qxc4 Qxc4 30. Kb2 (30. Rc1 $2 Ba3 $19)) 29... Kg7 30. Rc1 Rxc3 31. Rxc3 Qxc3+ {[%emt 0:00:06][%mdl 4096] Endgame KQR-KQB} 32. Kb1 Qb3+ 33. Kc1 Ba3+ 34. Kd2 Bb4+ 35. Kc1 Qa3+ 36. Kb1 {[%emt 0:00:11] Black must now prevent Qd5.} Qb3+ 37. Kc1 Qc4+ 38. Kb1 Qf1+ 39. Ka2 Qxf2+ 40. Kb3 Qe3+ 41. Kc2 Qc3+ 42. Kb1 Qb3+ 43. Kc1 Ba3+ $2 (43... Bc5 $1 $19 {[%cal Rc5e3] Threatens to win with ...Be3+.} 44. Qc6 Be3+ 45. Rd2 Qd3) 44. Kd2 $11 Qb4+ 45. Kd3 {[%emt 0:08:00] Qb7 is the strong threat.} Qb1+ 46. Ke2 $2 {[%emt 0:01:11][%mdl 8192] [#]} (46. Kc4 $11 {and White stays safe.}) 46... Qc2+ $1 $19 47. Rd2 $2 (47. Kf1 Qc4+ 48. Kf2 Bc5+ 49. Ke1 Bb4+ 50. Kd1 Qb3+ 51. Kc1) 47... Qc4+ 48. Kf3 {[%emt 0:04:52] [#]} Qf1+ $1 {[%emt 0:00:26][%mdl 64] Skewer} ({And not} 48... Bb4 49. Rd8 Qf4+ 50. Ke2 Qc4+ 51. Kf3 Qf4+ 52. Ke2 Qc4+ 53. Kf3 $11) 49. Rf2 Qd3+ 50. Kg4 Qd4+ 51. Kg3 e4 {[%emt 0:02:03] aiming for ...h5.} 52. Re2 Qe5+ {[%emt 0:01:59][%mdl 64] Skewer} 53. Kg4 h5+ $1 {[%emt 0:00:24] Weighted Error Value: White=1.11/Black=0.33} 0-1